 Dungeon Crawl Stone Soup version 0.21.1-1-g345015f (webtiles) character file.

887 tidbits the Grave Robber (level 8, -8/57 HPs)
             Began as a Gnoll Necromancer on June 15, 2018.
             Mangled by a two-headed ogre
             ... wielding a +0 giant spiked club
              (17 damage)
             ... on level 6 of the Dungeon.
             The game lasted 00:12:42 (1094 turns).

tidbits the Grave Robber (Gnoll Necromancer)        Turns: 1094, Time: 00:12:42

Health: -8/57      AC:  9    Str: 11    XL:     8   Next: 5%
Magic:  1/16       EV: 13    Int: 20    God:
Gold:   130        SH:  0    Dex: 18    Spells: 10/18 levels left

rFire    . . .     SeeInvis .   J - +4 scimitar (freeze) (curse)
rCold    . . .     Gourm    .   (no shield)
rNeg     . . .     Faith    .   B - +0 ring mail (curse)
rPois    .         Spirit   .   E - +1 helmet
rElec    .         Reflect  .   (no cloak)
rCorr    .         Harm     .   G - +0 pair of gloves
MR       .....                  (no boots)
Stlth    ++........             (no amulet)
HPRegen  0.19/turn              j - +1 ring of protection
MPRegen  0.15/turn              z - +3 ring of dexterity

@: no status effects
A: distributed training, fangs 1, strong nose
a: no special abilities


You were on level 6 of the Dungeon.
You were near starving.

You visited 1 branch of the dungeon, and saw 6 of its levels.

You collected 130 gold pieces.

Inventory:

Hand Weapons
 a - a +0 dagger
 b - a +0 flail
 e - a +0 trident
 f - a +0 club
 q - a +0 blowgun
 u - a +0 spear
 v - a +2 long sword of freezing
   (You took it off a wight on level 6 of the Dungeon)
 H - a +0 morningstar
 I - a cursed +3 dire flail
 J - a cursed +4 scimitar of freezing (weapon)
   (You took it off a wight on level 6 of the Dungeon)
Missiles
 n - 11 stones
 r - 14 poisoned needles
 y - 7 javelins (quivered)
Armour
 k - a +0 robe
 B - a cursed +0 ring mail (worn)
 E - a +1 helmet (worn)
 G - a +0 pair of gloves (worn)
Magical Staves
 w - an uncursed staff of wizardry {!a}
   (You found it on level 2 of the Dungeon)
Jewellery
 j - a +1 ring of protection (left hand)
   (You found it on level 2 of the Dungeon)
 x - an uncursed ring of see invisible
   (You found it on level 4 of the Dungeon)
 z - a +3 ring of dexterity (right hand)
   (You found it on level 5 of the Dungeon)
Wands
 p - a wand of digging (11)
Scrolls
 d - a scroll of fear
 i - a scroll of enchant armour {unknown}
 m - a scroll of magic mapping {unknown}
 A - a scroll of enchant weapon
 F - a scroll of teleportation
Potions
 g - 2 potions of invisibility {unknown}
 l - a potion of cancellation {unknown}
 o - a potion of degeneration {unknown}
 s - 2 potions of might
 t - a potion of heal wounds {unknown}
 C - a potion of agility {unknown}
 D - a potion of curing {unknown}
Books
 h - a book of Necromancy

   Spells                             Type                      Level
   a - Pain                           Necromancy                   1
   b - Animate Skeleton               Necromancy                   1
   c - Vampiric Draining              Necromancy                   3
   d - Regeneration                   Charms/Necromancy            3
   e - Animate Dead                   Necromancy                   4
   f - Borgnjor's Vile Clutch         Necromancy/Earth             5
Comestibles
 c - 5 rations


   Skills:
 + Level 2.8 Fighting
 + Level 2.8 Short Blades
 + Level 2.8 Long Blades
 + Level 2.8 Axes
 + Level 2.8 Maces & Flails
 + Level 2.8 Polearms
 + Level 2.8 Staves
 + Level 2.8 Slings
 + Level 2.8 Bows
 + Level 2.8 Crossbows
 + Level 2.8 Throwing
 + Level 2.8 Armour
 + Level 5.4 Dodging
 + Level 5.1 Stealth
 + Level 2.8 Shields
 + Level 2.8 Unarmed Combat
 + Level 5.8 Spellcasting
 + Level 2.3 Conjurations
 + Level 2.3 Hexes
 + Level 2.3 Charms
 + Level 2.3 Summonings
 + Level 7.5 Necromancy
 + Level 2.3 Translocations
 + Level 2.3 Transmutations
 + Level 2.3 Fire Magic
 + Level 2.3 Ice Magic
 + Level 2.3 Air Magic
 + Level 2.3 Earth Magic
 + Level 2.3 Poison Magic
 + Level 3.1 Invocations
 + Level 2.8 Evocations


You had 10 spell levels left.
You knew the following spells:

 Your Spells              Type           Power        Failure   Level  Hunger
a - Pain                  Necr           ####         1%          1    None
d - Vampiric Draining     Necr           #####.....   3%          3    ##.....
n - Animate Skeleton      Necr           N/A          1%          1    None
r - Regeneration          Chrm/Necr      ####......   10%         3    ##.....


Dungeon Overview and Level Annotations

Branches:
Dungeon (6/15)
 Temple: D:4-7

Altars:
The Shining One


Innate Abilities, Weirdness & Mutations

Your experience applies equally to all skills.
You have very sharp teeth.
Your uncanny sense of smell can sniff out nearby items.


Message History

Okay, then.
The crimson imp blinks!
Your skin stops crawling.
You hit the crimson imp but do no damage.
The crimson imp hits you but does no damage.
You hit the crimson imp but do no damage.
Your bite misses the crimson imp.
The crimson imp hits you but does no damage.
You slash the crimson imp! You freeze the crimson imp.
The crimson imp is severely wounded.
The crimson imp blinks!
The crimson imp blinks!
You barely miss the crimson imp.
The crimson imp is moderately wounded.
The crimson imp hits you.
You completely miss the crimson imp.
The crimson imp is moderately wounded.
The crimson imp shouts, "Get thee hence, thou frothy pigeon-egg whip-jack!"
The crimson imp blinks!
The crimson imp blinks!
The crimson imp blinks!
The crimson imp misses you.
You hit the crimson imp. You freeze the crimson imp.
You bite the crimson imp, but do no damage.
The crimson imp is moderately wounded.
The crimson imp closely misses you.
You hit the crimson imp. You freeze the crimson imp.
The crimson imp is moderately wounded.
The crimson imp barely misses you.
The crimson imp hits you but does no damage.
You slash the crimson imp! You freeze the crimson imp.
The crimson imp is almost dead.
The crimson imp barely misses you.
You hit the crimson imp. You freeze the crimson imp.
You kill the crimson imp!
You see here a scroll of teleportation.
Unknown command.
Casting: Regeneration
Confirm with . or Enter, or press ? or * to list all spells.
Aiming: Pain
Press: ? - help, Shift-Dir - straight line, f - two-headed ogre
Aim: a two-headed ogre, wielding a giant spiked club and a dire flail (hasn't noticed you, chance to defeat MR: 71%)
The two-headed ogre shouts in stereo!
The two-headed ogre writhes in agony!
Casting: Pain
Confirm with . or Enter, or press ? or * to list all spells.
Aiming: Pain
Press: ? - help, Shift-Dir - straight line, f/p - two-headed ogre
Aim: a two-headed ogre, wielding a giant spiked club and a dire flail (lightly wounded, chance to defeat MR: 71%)
The two-headed ogre struggles to resist.
Casting: Pain
Confirm with . or Enter, or press ? or * to list all spells.
Aiming: Pain
Press: ? - help, Shift-Dir - straight line, f/p - two-headed ogre
Aim: a two-headed ogre, wielding a giant spiked club and a dire flail (lightly wounded, chance to defeat MR: 71%)
The two-headed ogre writhes in agony!
Casting: Pain
Confirm with . or Enter, or press ? or * to list all spells.
Aiming: Pain
Press: ? - help, Shift-Dir - straight line, f/p - two-headed ogre
Aim: a two-headed ogre, wielding a giant spiked club and a dire flail (lightly wounded, chance to defeat MR: 71%)
The two-headed ogre struggles to resist.
You hit the two-headed ogre. You freeze the two-headed ogre.
The two-headed ogre is moderately wounded.
The two-headed ogre hits you but does no damage.
The two-headed ogre barely misses you.
Casting: Pain
Confirm with . or Enter, or press ? or * to list all spells.
Aiming: Vampiric Draining
Press: ? - help, Shift-Dir - straight line, f/p - two-headed ogre
Aim: a two-headed ogre, wielding a giant spiked club and a dire flail (moderately wounded)
The two-headed ogre is heavily wounded.
You feel life coursing into your body.
You are near starving!
The two-headed ogre closely misses you.
The two-headed ogre hits you with a dire flail!
You barely miss the two-headed ogre.
The two-headed ogre is heavily wounded.
The two-headed ogre closely misses you.
You riposte.
You barely miss the two-headed ogre.
The two-headed ogre is heavily wounded.
The two-headed ogre closely misses you.
You hit the two-headed ogre. You freeze the two-headed ogre.
The two-headed ogre is heavily wounded.
The two-headed ogre closely misses you.
The two-headed ogre hits you with a dire flail.
Your ring mail prevents you from hitting the two-headed ogre.
The two-headed ogre is heavily wounded.
The two-headed ogre hits you with a giant spiked club!!
* * * LOW HITPOINT WARNING * * *
The two-headed ogre barely misses you.
You hit the two-headed ogre. You freeze the two-headed ogre.
The two-headed ogre is heavily wounded.
The two-headed ogre hits you but does no damage.
The two-headed ogre hits you with a dire flail!
* * * LOW HITPOINT WARNING * * *
You slash the two-headed ogre! You freeze the two-headed ogre.
The two-headed ogre is severely wounded.
The two-headed ogre hits you with a giant spiked club!
You die...

#..#
####.##[######.##
#..#
#.......[...#....
#..#
#.##.##.###.#..##
#..# #.##.##.#
#...... #..#
#.##.##.# #....##
#..###.##.##.#
#.#..#
#)...........#
#.#..##
######.#######
#.#....
#@O.########.##<..
#............#####
#...#.######## #
##.##.# # ..# # #
... # .## # # ∆ .


You could see a two-headed ogre.

Vanquished Creatures
  A black bear (D:6)
  5 wights (D:6)
  A crimson imp (D:6)
  A hound (D:6)
  2 centaur skeletons
  An orc wizard (D:5)
  A worker ant (D:6)
  7 adders
  A shadow imp (D:5)
  An ooze (D:4)
  3 dart slugs
  A leopard gecko (D:1)
  9 orcs
  A ball python (D:1)
  6 bats
  A giant cockroach (D:2)
  4 goblins
  2 hobgoblins
  4 kobolds
  A quokka (D:2)
  2 frilled lizards
  A jackal skeleton (D:4)
  3 rats
59 creatures vanquished.

Vanquished Creatures (others)
  A frilled lizard (D:2)
  A kobold (D:2)
2 creatures vanquished.

Grand Total: 61 creatures vanquished

Notes
Turn   | Place    | Note
-------+----------+-------------------------------------------
     0 | D:1      | tidbits the Gnoll Necromancer began the quest for the Orb.
     0 | D:1      | Reached XP level 1. HP: 13/13 MP: 6/6
    20 | D:1      | Reached XP level 2. HP: 9/19 MP: 0/7
    23 | D:1      | Learned a level 1 spell: Animate Skeleton
   174 | D:1      | You fall through a shaft!
   174 | D:2      | Found a glowing golden altar of the Shining One.
   257 | D:2      | Reached XP level 3. HP: 7/25 MP: 1/9
   261 | D:2      | Reached skill level 5 in Spellcasting
   281 | D:2      | Learned a level 3 spell: Vampiric Draining
   285 | D:2      | Learned a level 3 spell: Regeneration
   343 | D:2      | Reached skill level 1 in Invocations
   495 | D:3      | Reached skill level 1 in Fighting
   495 | D:3      | Reached skill level 1 in Short Blades
   495 | D:3      | Reached skill level 1 in Long Blades
   495 | D:3      | Reached skill level 1 in Axes
   495 | D:3      | Reached skill level 1 in Maces & Flails
   495 | D:3      | Reached skill level 1 in Polearms
   495 | D:3      | Reached skill level 1 in Staves
   495 | D:3      | Reached skill level 1 in Slings
   495 | D:3      | Reached skill level 1 in Bows
   495 | D:3      | Reached skill level 1 in Crossbows
   495 | D:3      | Reached skill level 1 in Throwing
   495 | D:3      | Reached skill level 1 in Armour
   495 | D:3      | Reached skill level 1 in Shields
   495 | D:3      | Reached skill level 1 in Unarmed Combat
   495 | D:3      | Reached skill level 1 in Evocations
   579 | D:3      | Reached XP level 4. HP: 32/32 MP: 11/11
   701 | D:5      | Entered Level 5 of the Dungeon
   729 | D:4      | Reached skill level 1 in Conjurations
   729 | D:4      | Reached skill level 1 in Hexes
   729 | D:4      | Reached skill level 1 in Charms
   729 | D:4      | Reached skill level 1 in Summonings
   729 | D:4      | Reached skill level 1 in Translocations
   729 | D:4      | Reached skill level 1 in Transmutations
   729 | D:4      | Reached skill level 1 in Fire Magic
   729 | D:4      | Reached skill level 1 in Ice Magic
   729 | D:4      | Reached skill level 1 in Air Magic
   729 | D:4      | Reached skill level 1 in Earth Magic
   729 | D:4      | Reached skill level 1 in Poison Magic
   772 | D:5      | Reached XP level 5. HP: 36/37 MP: 4/12
   852 | D:6      | Noticed a necrophage
   888 | D:6      | Noticed a black bear
   903 | D:6      | Killed a black bear
   903 | D:6      | Reached skill level 2 in Invocations
   903 | D:6      | Reached XP level 6. HP: 20/44 MP: 5/14
   948 | D:6      | Reached skill level 5 in Dodging
   981 | D:6      | Reached skill level 2 in Fighting
   981 | D:6      | Reached skill level 2 in Short Blades
   981 | D:6      | Reached skill level 2 in Long Blades
   981 | D:6      | Reached skill level 2 in Axes
   981 | D:6      | Reached skill level 2 in Maces & Flails
   981 | D:6      | Reached skill level 2 in Polearms
   981 | D:6      | Reached skill level 2 in Staves
   981 | D:6      | Reached skill level 2 in Slings
   981 | D:6      | Reached skill level 2 in Bows
   981 | D:6      | Reached skill level 2 in Crossbows
   981 | D:6      | Reached skill level 2 in Throwing
   981 | D:6      | Reached skill level 2 in Armour
   981 | D:6      | Reached skill level 2 in Shields
   981 | D:6      | Reached skill level 2 in Unarmed Combat
   981 | D:6      | Reached skill level 2 in Evocations
   998 | D:6      | Reached XP level 7. HP: 18/50 MP: 8/15
  1030 | D:6      | Reached skill level 5 in Stealth
  1030 | D:6      | Reached skill level 2 in Conjurations
  1030 | D:6      | Reached skill level 2 in Hexes
  1030 | D:6      | Reached skill level 2 in Charms
  1030 | D:6      | Reached skill level 2 in Summonings
  1030 | D:6      | Reached skill level 2 in Translocations
  1030 | D:6      | Reached skill level 2 in Transmutations
  1030 | D:6      | Reached skill level 2 in Fire Magic
  1030 | D:6      | Reached skill level 2 in Ice Magic
  1030 | D:6      | Reached skill level 2 in Air Magic
  1030 | D:6      | Reached skill level 2 in Earth Magic
  1030 | D:6      | Reached skill level 2 in Poison Magic
  1030 | D:6      | Reached skill level 3 in Invocations
  1034 | D:6      | Reached XP level 8. HP: 20/57 MP: 4/16
  1056 | D:6      | Noticed a two-headed ogre
  1094 | D:6      | Mangled by a two-headed ogre

Skill      XL: |  1  2  3  4  5  6  7 |
---------------+----------------------+-----
Spellcasting   | 5 |  5.8
Invocations    | 1 2 3 |  3.1
Fighting       | 1 2 |  2.8
Short Blades   | 1 2 |  2.8
Long Blades    | 1 2 |  2.8
Axes           | 1 2 |  2.8
Maces & Flails | 1 2 |  2.8
Polearms       | 1 2 |  2.8
Staves         | 1 2 |  2.8
Slings         | 1 2 |  2.8
Bows           | 1 2 |  2.8
Crossbows      | 1 2 |  2.8
Throwing       | 1 2 |  2.8
Armour         | 1 2 |  2.8
Shields        | 1 2 |  2.8
Unarmed Combat | 1 2 |  2.8
Evocations     | 1 2 |  2.8
Conjurations   | 1 2 |  2.3
Hexes          | 1 2 |  2.3
Charms         | 1 2 |  2.3
Summonings     | 1 2 |  2.3
Translocations | 1 2 |  2.3
Transmutations | 1 2 |  2.3
Fire Magic     | 1 2 |  2.3
Ice Magic      | 1 2 |  2.3
Air Magic      | 1 2 |  2.3
Earth Magic    | 1 2 |  2.3
Poison Magic   | 1 2 |  2.3
Dodging        | 5 |  5.4
Stealth        | 5 |  5.1
Necromancy     | |  7.5

Action                   |  1- 3 |  4- 6 |  7- 9 || total
-------------------------+-------+-------+-------++-------
Melee: Unarmed           |     7 |       |       ||     7
       Bite              |     1 |     3 |     6 ||    10
       Spear             |     8 |       |       ||     8
       Dagger            |     7 |     3 |       ||    10
       Flail             |       |    21 |       ||    21
       Trident           |       |     9 |       ||     9
       Long sword        |       |     6 |     5 ||    11
       Scimitar          |       |       |    33 ||    33
       Punch             |       |       |     1 ||     1
Throw: Javelin           |       |       |     1 ||     1
 Cast: Pain              |    43 |    25 |     5 ||    73
       Regeneration      |     1 |     4 |     3 ||     8
       Vampiric Draining |       |       |     1 ||     1
  Use: Scroll            |       |     2 |     1 ||     3
       Potion            |       |     1 |       ||     1
 Stab: Sleeping          |     3 |     3 |       ||     6
Armor: Robe              |     2 |       |       ||     2
       Ring mail         |    11 |    11 |    14 ||    36
Dodge: Dodged            |    21 |    38 |    23 ||    82
       Rpst.: Long sword |       |     5 |     1 ||     6
       Scimitar          |       |       |     3 ||     3

Table legend:
 A = Turns spent in this place as a percentage of turns spent in the entire game.
 B = Non-inter-level travel turns spent in this place as a percentage of non-inter-level travel turns spent in the entire game.
 C = Inter-level travel turns spent in this place as a percentage of turns spent in this place.
 D = Turns resting spent in this place as a percentage of non-inter-level travel turns spent in this place.
 E = Turns spent auto-exploring this place as a percentage of non-inter-level travel turns spent in this place.
 F = Non-inter-level travel turns spent in this place divided by the number of levels of this place that you've seen.
                   A       B       C       D       E      F
               +-------+-------+-------+-------+-------+----------------------
         Total | 100.0 | 100.0 |   0.0 |   0.0 |   0.0 | 182.3
       Dungeon | 100.0 | 100.0 |   0.0 |   0.0 |   0.0 | 182.3
               +-------+-------+-------+-------+-------+----------------------

Table legend:
 A = Kills in this place as a percentage of kills in entire the game.
 B = Kills by you in this place as a percentage of kills by you in the entire game.
 C = Kills by friends in this place as a percentage of kills by friends in the entire game.
 D = Other kills in this place as a percentage of other kills in the entire game.
 E = Experience gained in this place as a percentage of experience gained in the entire game.
 F = Experience gained in this place divided by the number of levels of this place that you have seen.
                   A       B       C       D       E      F
               +-------+-------+-------+-------+-------+----------------------
         Total | 100.0 | 100.0 |   N/A |   N/A | 100.0 | 211.3
       Dungeon | 100.0 | 100.0 |   N/A |   N/A | 100.0 | 211.3
               +-------+-------+-------+-------+-------+----------------------

Vault maps used:
D:1:      dpeg_arrival_rhombi
D:2:      lemuel_round_altar, fiery_altar_vehumet, first_ration
D:3:      minmay_misc_feat_columns, roderic_lattice_a
D:4:      nicolae_gozag_seed_capital, bloody_makhleb, corexii_leaking_fountain,
          st_stairs_12, uniq_grinder
D:5:      serial_shops, shop
D:6:      cheibrodos_steamvent
